 Dungeon Crawl Stone Soup version 0.23.0-3-gf3c87f2 (webtiles) character file.

Game seed: 1710852069477871210

3903 Kairos the Martial Artist (level 10, -20/49 HPs)
             Began as a Vine Stalker Transmuter on Feb 22, 2019.
             Was a Believer of Cheibriados.
             Killed from afar by Erica (28 damage)
             ... with an orb of energy
             ... on level 1 of the Lair of Beasts.
             The game lasted 00:21:37 (8596 turns).

Kairos the Martial Artist (Vine Stalker Transmuter) Turns: 8596, Time: 00:21:38

Health: -20/49     AC:  7    Str: 19    XL:     10   Next: 20%
Magic:  0/18       EV: 13    Int: 17    God:    Cheibriados [**....]
Gold:   580        SH:  6    Dex: 20    Spells: 16/19 levels left

rFire    . . .     SeeInvis .     - Unarmed
rCold    . . .     Gourm    .   (no shield)
rNeg     . . .     Faith    .   g - +1 ring mail
rPois    .         Spirit   +   (no helmet)
rElec    .         Reflect  +   (no cloak)
rCorr    .         Harm     .   (no gloves)
MR       +....                  (no boots)
Stlth    ++++......             x - +6 amulet of reflection
HPRegen  0.56/turn              c - ring of stealth
MPRegen  0.16/turn              n - ring of wizardry

@: appendage, very slow
A: fangs 3, horns 2, regeneration 1, magic shield, antimagic bite, no potion
heal 3, rot immunity
a: End Transformation, Bend Time, Renounce Religion


You were on level 1 of the Lair of Beasts.
You worshipped Cheibriados.
Cheibriados was pleased with you.
You were very hungry.
You had grown temporary horns.
You visited 2 branches of the dungeon, and saw 10 of its levels.

You collected 580 gold pieces.

Inventory:

Missiles
 a - 188 arrows
 j - a throwing net
 q - 5 poisoned tomahawks
 y - 7 tomahawks (quivered)
 A - 6 javelins
Armour
 b - a +0 robe
 g - a +1 ring mail (worn)
Jewellery
 c - a ring of stealth (left hand)
 e - an uncursed ring of protection from cold
 n - a ring of wizardry (right hand)
 o - an uncursed ring of protection from fire
 x - a +6 amulet of reflection (around neck)
Wands
 f - a wand of acid (9)
 i - a wand of clouds (3)
 t - a wand of enslavement (9)
Scrolls
 l - 4 scrolls of remove curse
 u - a scroll of fear
 w - 4 scrolls of magic mapping
 C - 2 scrolls of brand weapon {unknown}
 D - 2 scrolls of enchant weapon {unknown}
 E - 2 scrolls of fog
 G - 2 scrolls of identify {unknown}
 I - a scroll of enchant armour
Potions
 h - 2 potions of agility {unknown}
 k - 2 potions of mutation {unknown}
 m - 3 potions of flight {unknown}
 p - 2 potions of invisibility {unknown}
 r - 3 potions of haste {unknown}
 s - 4 potions of heal wounds {unknown}
 v - a potion of magic {unknown}
 z - a potion of lignification {unknown}
 B - a potion of berserk rage {unknown}
 F - a potion of might {unknown}
Miscellaneous
 H - a lamp of fire
Comestibles
 d - 11 rations


   Skills:
 + Level 3.3 Fighting
 + Level 0.9 Throwing
 + Level 4.9 Armour
 + Level 3.7 Dodging
 + Level 5.4 Stealth
 + Level 8.2 Unarmed Combat
 + Level 5.2 Spellcasting
 + Level 5.3 Transmutations
 + Level 3.2 Invocations


You had 16 spell levels left.
You knew the following spells:

 Your Spells              Type           Power        Failure   Level  Hunger
a - Beastly Appendage     Tmut           ###...       1%          1    None
b - Sticks to Snakes      Tmut           ###.....     1%          2    #......

Your spell library contained the following spells:

 Spells                   Type           Power        Failure   Level  Hunger
 Spider Form              Tmut/Pois      ##........   10%         3    ###....
 Blade Hands              Tmut           ###.......   28%         5    ######.
 Ice Form                 Ice/Tmut       ##......     30%         4    ####...


Dungeon Overview and Level Annotations

Branches:
Dungeon (9/15)             Temple (0/1) D:6            Lair (1/6) D:8
    Orc: D:9-12

Altars:
Ashenzari
Cheibriados
Gozag
Kikubaaqudgha
Okawaru
Ru
Sif Muna
Trog
Uskayaw
Vehumet
Xom
Yredelemnul

Shops:
D:5 %

Annotations:
D:5 2 transporters
D:9 Grum, Joseph
Lair:1 Erica


Innate Abilities, Weirdness & Mutations

You have razor-sharp teeth.
Your natural rate of healing is unusually fast.
When hurt, damage is shared between your health and your magic reserves.
Your bite disrupts and absorbs the magic of your enemies.
Potions cannot restore your health.
You are immune to rotting.
You have a pair of horns on your head.


Message History

You create a blast of flame!
Okay, then.
Aiming: Corrosive Bolt
Press: ? - help, Shift-Dir - straight line, f/p - komodo dragon
Aim: a komodo dragon (flame, heavily wounded, slow)
The bolt of acid hits the komodo dragon!
The komodo dragon is splashed with acid!
The acid corrodes the komodo dragon!
The komodo dragon is almost dead.
The komodo dragon is no longer moving slowly.
The komodo dragon is engulfed in blazing flames.
You kill the komodo dragon!
Cheibriados appreciates the change of pace.
Aiming: Corrosive Bolt
Press: ? - help, Shift-Dir - straight line You hear some strange, mumbled words.
An orb of energy appears from out of thin air!
The orb of energy hits you!!
Ouch! That really hurt!
You die...

..#<....###.............#
.........#...............
.........................
.........................
..#...............§§§....
..#...............§§§....
................?§§§§....
................#§§{.....
..P............#@#.......
...........###.###....P..
....... ... .. .......
....... ... .tl..♣♣ #...
...♣♣♣ .... .♣♣. .#... .♣
♣.


There were no monsters in sight!

Vanquished Creatures
  Pikel (D:6)
  A komodo dragon (Lair:1)
  A hippogriff (D:8)
  A human (D:8)
  2 hungry ghosts
  A slave (D:6)
  2 ogres (D:7)
  A sky beast (D:7)
  2 phantoms
  2 centaurs
  2 wolves
  A big kobold (D:5)
  5 bullfrogs
  A wyvern skeleton (D:8)
  A scorpion (D:4)
  A jelly (D:6)
  A wight (D:6)
  3 howler monkeys (D:8)
  5 crimson imps
  A bullfrog zombie (D:5)
  A quasit (D:6)
  An orc priest (D:6)
  4 hounds
  6 orc wizards
  A centaur skeleton (D:4)
  2 gnoll shamans
  3 iguanas
  5 worker ants
  2 hound zombies
  A hound skeleton (D:4)
  10 gnolls
  7 adders
  3 shadow imps
  4 worms
  6 dart slugs
  4 leopard geckos
  19 orcs
  2 ball pythons
  5 giant cockroaches
  7 goblins
  18 hobgoblins
  8 jackals
  4 quokkas
  11 bats
  4 frilled lizards
  2 jackal skeletons (D:4)
  8 kobolds
  A leopard gecko skeleton (D:6)
  A quokka skeleton (D:4)
  10 rats
  A spectral orc (D:7)
196 creatures vanquished.

Vanquished Creatures (others)
  An orc warrior (D:6)
  3 slaves (D:6)
  An iguana (D:6)
  A howler monkey skeleton (D:6)
6 creatures vanquished.

Grand Total: 202 creatures vanquished

Notes
Turn   | Place    | Note
-------+----------+-------------------------------------------
     0 | D:1      | Kairos the Vine Stalker Transmuter began the quest for the
                  | Orb.
     0 | D:1      | Reached XP level 1. HP: 9/9 MP: 4/4
    94 | D:1      | Reached XP level 2. HP: 12/14 MP: 6/6
   178 | D:1      | Reached skill level 1 in Fighting
   408 | D:1      | Reached XP level 3. HP: 17/18 MP: 5/7
   914 | D:1      | Learned a level 2 spell: Sticks to Snakes
   996 | D:2      | Reached skill level 1 in Stealth
  1298 | D:2      | Gained mutation: Your natural rate of healing is unusually
                  | fast. [Vine Stalker growth]
  1298 | D:2      | Reached XP level 4. HP: 20/22 MP: 8/8
  1467 | D:2      | Found an ancient bone altar of Kikubaaqudgha.
  1966 | D:3      | Reached skill level 1 in Armour
  2031 | D:3      | Reached XP level 5. HP: 24/25 MP: 7/9
  2272 | D:3      | Found a deep blue altar of Sif Muna.
  2683 | D:4      | Reached skill level 4 in Unarmed Combat
  2726 | D:4      | Reached XP level 6. HP: 30/30 MP: 8/11
  2825 | D:4      | Found a snail-covered altar of Cheibriados.
  2855 | D:4      | Found an opulent altar of Gozag.
  2859 | D:4      | Found a shattered altar of Ashenzari.
  2862 | D:4      | Found an iron altar of Okawaru.
  2865 | D:4      | Found a shimmering altar of Xom.
  2867 | D:4      | Found a hide-covered altar of Uskayaw.
  2879 | D:4      | Became a worshipper of Cheibriados the Contemplative
  3917 | D:5      | Entered Level 5 of the Dungeon
  3933 | D:5      | Found a transporter.
  4057 | D:5      | Reached XP level 7. HP: 32/33 MP: 12/12
  4062 | D:5      | Reached * piety under Cheibriados
  4097 | D:5      | Reached skill level 5 in Unarmed Combat
  4372 | D:5      | Found a transporter.
  4466 | D:5      | Found Lurghuax's Food Emporium.
  4722 | D:5      | Found a sacrificial altar of Ru.
  4812 | D:6      | Noticed Pikel
  4951 | D:6      | Found a staircase to the Ecumenical Temple.
  5575 | D:6      | Gained mutation: You have razor-sharp teeth. [Vine Stalker
                  | growth]
  5575 | D:6      | Reached XP level 8. HP: 39/39 MP: 14/14
  5653 | D:6      | Found a shimmering altar of Xom.
  5728 | D:6      | Reached skill level 6 in Unarmed Combat
  5774 | D:6      | Reached skill level 1 in Invocations
  6193 | D:6      | Found a bloodstained altar of Trog.
  6194 | D:6      | Found a radiant altar of Vehumet.
  6421 | D:6      | Killed Pikel
  6421 | D:6      | Reached XP level 9. HP: 16/42 MP: 5/16
  6623 | D:7      | Reached skill level 7 in Unarmed Combat
  7152 | D:7      | Reached skill level 5 in Transmutations
  7420 | D:7      | Found a basalt altar of Yredelemnul.
  7547 | D:8      | Reached ** piety under Cheibriados
  7558 | D:8      | Reached skill level 5 in Spellcasting
  7960 | D:8      | Found a staircase to the Lair.
  8056 | D:8      | Reached skill level 5 in Stealth
  8138 | D:8      | Reached XP level 10. HP: 47/49 MP: 18/18
  8276 | D:9      | Noticed Grum
  8279 | D:9      | Reached skill level 8 in Unarmed Combat
  8280 | D:9      | Noticed Joseph
  8527 | Lair:1   | Entered Level 1 of the Lair of Beasts
  8576 | Lair:1   | Noticed Erica
  8596 | Lair:1   | Killed from afar by Erica

Skill      XL: |  1  2  3  4  5  6  7  8  9 10 |
---------------+-------------------------------+-----
Fighting       | 1 2 3 |  3.3
Stealth        | 1 2 3 5 |  5.4
Armour         | 1 2 4 |  4.9
Dodging        | 2 3 |  3.7
Unarmed Combat | 4 5 6 7 8 |  8.2
Transmutations | 3 4 5 |  5.3
Spellcasting   | 3 4 5 |  5.2
Invocations    | 2 3 |  3.2
Throwing       | |  0.9

Action                   |  1- 3 |  4- 6 |  7- 9 | 10-12 || total
-------------------------+-------+-------+-------+-------++-------
Melee: Unarmed           |   129 |   260 |   307 |    28 ||   724
       Bite              |    24 |    63 |   114 |     8 ||   209
       Kick              |    10 |    17 |    33 |       ||    60
       Headbutt          |     1 |    21 |    21 |     5 ||    48
       Punch             |     1 |     2 |     9 |     3 ||    15
Throw: Tomahawk          |       |       |    10 |       ||    10
 Cast: Beastly Appendage |     8 |    32 |    37 |     3 ||    80
Invok: Bend Time         |       |       |    18 |     3 ||    21
Evoke: Wand              |       |       |     1 |     3 ||     4
  Use: Potion            |     2 |       |       |       ||     2
       Scroll            |       |     9 |     4 |       ||    13
 Stab: Sleeping          |     7 |     8 |     8 |     1 ||    24
  Eat: Chunk             |     1 |    11 |     5 |       ||    17
       Ration            |       |       |     2 |       ||     2
Armor: Robe              |     6 |       |       |       ||     6
       Ring mail         |    38 |    67 |    68 |     3 ||   176
Dodge: Dodged            |    73 |   140 |   167 |    16 ||   396
Block: Other             |       |     4 |    76 |     6 ||    86
       Reflection        |       |       |     3 |       ||     3
